 Dungeon Crawl Stone Soup version 0.29-a0-91-gdebf4667c2 (webtiles) character file.

Game seed: 12162709115336640360

1273 YayAnonymity the Chopper (level 8, -2/100 HPs)
             Began as a Gnoll Berserker on Feb 8, 2022.
             Was a Priest of Trog.
             Slain by an orc warrior (10 damage)
             ... on level 5 of the Dungeon.
             The game lasted 00:10:15 (7814 turns).

YayAnonymity the Chopper (Gnoll Berserker)          Turns: 7814, Time: 00:10:16

Health: -2/100     AC:  8    Str: 19    XL:     8   Next: 53%
Magic:  13/13      EV: 11    Int:  6    God:    Trog [***...]
Gold:   211        SH:  4    Dex: 12    Spells: 13/13 levels left

rFire   . . .      SeeInvis .   b - +4 dagger
rCold   . . .      Faith    .   p - +0 buckler
rNeg    . . .      Spirit   .   k - +0 scale mail
rPois   .          Reflect  .   i - +0 helmet
rElec   .          Harm     .   (no cloak)
rCorr   .          Rampage  .   (no gloves)
Will    .....                   (no boots)
Stlth   ..........              (no amulet)
HPRegen 0.26/turn               (no ring)
MPRegen 0.13/turn               (no ring)

@: berserking, very quick
A: fangs 1, strong nose, distributed training
a: Renounce Religion, Berserk, Trog's Hand


You were on level 5 of the Dungeon.
You worshipped Trog.
Trog was most pleased with you.
You visited 2 branches of the dungeon, and saw 7 of its levels.

You collected 211 gold pieces.

Inventory:

Hand Weapons
 a - a +0 hand axe
 b - a +4 dagger (weapon)
 e - a +2 dagger of holy wrath
Missiles
 h - 6 javelins (quivered)
 j - a throwing net
Armour
 g - a +0 plate armour
 i - a +0 helmet (worn)
 k - a +0 scale mail (worn)
 p - a +0 buckler (worn)
Wands
 m - a wand of acid (10)
Scrolls
 l - a scroll of brand weapon {unknown}
 o - a scroll of magic mapping {unknown}
 q - a scroll of noise {unknown}
Potions
 c - a potion of heal wounds {unknown}
 d - 2 potions of flight
 f - a potion of brilliance
 n - 4 potions of curing


   Skills:
 + Level 7.4 Fighting
 + Level 3.3 Short Blades
 + Level 3.3 Long Blades
 + Level 7.4 Axes
 + Level 3.3 Maces & Flails
 + Level 3.3 Polearms
 + Level 3.3 Staves
 + Level 3.3 Slings
 + Level 3.3 Bows
 + Level 3.3 Crossbows
 + Level 3.3 Throwing
 + Level 5.7 Armour
 + Level 5.7 Dodging
 + Level 3.3 Stealth
 + Level 3.3 Shields
 + Level 3.3 Unarmed Combat
 + Level 3.3 Spellcasting
 + Level 2.7 Conjurations
 + Level 2.7 Hexes
 + Level 2.7 Summonings
 + Level 2.7 Necromancy
 + Level 2.7 Translocations
 + Level 2.7 Transmutations
 + Level 2.7 Fire Magic
 + Level 2.7 Ice Magic
 + Level 2.7 Air Magic
 + Level 2.7 Earth Magic
 + Level 2.7 Poison Magic
 + Level 3.7 Invocations
 + Level 3.3 Evocations


You had 13 spell levels left.
You didn't know any spells.
Your spell library was empty.

Dungeon Overview and Level Annotations

Branches:
Dungeon (6/15)             Temple (1/1) D:4

Altars:
Ashenzari
Cheibriados
Dithmenos
Elyvilon
Fedhas
Gozag
Hepliaklqana
Kikubaaqudgha
Makhleb
Nemelex Xobeh
Okawaru
Qazlal
Ru
Sif Muna
Trog
Uskayaw
Vehumet
Wu Jian
Xom
Yredelemnul
Zin
The Shining One

Shops:
D:6 (


Innate Abilities, Weirdness & Mutations

You have very sharp teeth.
Your uncanny sense of smell can sniff out nearby items.
Your experience applies equally to all skills.


Message History

The ogre is almost dead.
You puncture the ogre!
You kill the ogre!
Trog accepts your kill.
An orc priest comes into view. It is wielding a +0 flail.
Found 2 gold pieces.
An orc comes into view. It is wielding a +0 flail.
You block the orc warrior's attack.
Things that are here:
a +0 giant club; an ogre corpse You barely miss the orc warrior.
The orc warrior hits you with a +0 scimitar.
You barely miss the orc warrior.
The orc warrior hits you with a +0 scimitar!
You are too injured to fight recklessly!
There is a stone staircase leading up, spattered with blood here.
You climb upwards.
There is a stone staircase leading down here.
You barely miss the orc warrior.
You bite the orc warrior, but do no damage.
The orc warrior hits you with a +0 scimitar!
* * * LOW HITPOINT WARNING * * *
You hit the orc warrior but do no damage.
The orc warrior closely misses you.
A red film seems to cover your vision as you go berserk!
You feel yourself moving faster!
You feel mighty!
The orc warrior hits you with a +0 scimitar!
* * * LOW HITPOINT WARNING * * *
You puncture the orc warrior! You bite the orc warrior.
The orc warrior is heavily wounded.
The orc warrior barely misses you.
You hit the orc warrior but do no damage.
The orc warrior is heavily wounded.
You hit the orc warrior.
The orc warrior is severely wounded.
You block the orc warrior's attack.
You hit the orc warrior.
The orc warrior is almost dead.
The orc warrior hits you with a +0 scimitar!
You die...

#.# #.# ##.##
##.#.####
#.###....
###########.#.###.
#....†.......## #.
#..########### #.
#@.# #. #.o# #.
#..# #. #..# #.
#..# #. #..####
########. #.....#
#........ #.###.#
#........ #.# #.#
#..######


You could see an orc warrior.

Vanquished Creatures
  3 yaks
  A black bear (D:4)
  2 ogres
  2 howler monkeys (D:5)
  A centaur skeleton (D:4)
  2 hounds (D:5)
  A jelly (D:5)
  2 iguanas (D:5)
  2 orc wizards (D:4)
  A killer bee zombie (D:4)
  A howler monkey zombie (D:5)
  Robin (D:2)
  4 gnolls (D:2)
  7 adders
  A shadow imp (D:4)
  A worm (D:2)
  A dart slug (D:4)
  19 orcs
  13 bats
  5 endoplasms
  2 giant cockroaches
  10 hobgoblins
  3 jackals (D:1)
  9 kobolds
  A quokka (D:2)
  5 frilled lizards
  12 goblins
  A quokka skeleton (D:2)
  2 rats
115 creatures vanquished.

Notes
Turn   | Place    | Note
-------+----------+-------------------------------------------
     0 | D:1      | YayAnonymity the Gnoll Berserker began the quest for the
                  | Orb.
     0 | D:1      | Reached XP level 1. HP: 23/23 MP: 1/1
   268 | D:1      | Reached XP level 2. HP: 27/29 MP: 2/2
  1185 | D:2      | Reached XP level 3. HP: 28/35 MP: 3/3
  1302 | D:2      | Noticed Robin
  1317 | D:2      | Reached ** piety under Trog
  1318 | D:2      | Reached skill level 1 in Invocations
  1322 | D:2      | Killed Robin
  1323 | D:2      | Reached skill level 1 in Short Blades
  1323 | D:2      | Reached skill level 1 in Long Blades
  1323 | D:2      | Reached skill level 1 in Maces & Flails
  1323 | D:2      | Reached skill level 1 in Polearms
  1323 | D:2      | Reached skill level 1 in Staves
  1323 | D:2      | Reached skill level 1 in Slings
  1323 | D:2      | Reached skill level 1 in Bows
  1323 | D:2      | Reached skill level 1 in Crossbows
  1323 | D:2      | Reached skill level 1 in Throwing
  1323 | D:2      | Reached skill level 1 in Stealth
  1323 | D:2      | Reached skill level 1 in Shields
  1323 | D:2      | Reached skill level 1 in Unarmed Combat
  1323 | D:2      | Reached skill level 1 in Spellcasting
  1323 | D:2      | Reached skill level 1 in Evocations
  1657 | D:2      | Reached XP level 4. HP: 22/41 MP: 5/5
  2126 | D:2      | Reached skill level 1 in Conjurations
  2126 | D:2      | Reached skill level 1 in Hexes
  2126 | D:2      | Reached skill level 1 in Summonings
  2126 | D:2      | Reached skill level 1 in Necromancy
  2126 | D:2      | Reached skill level 1 in Translocations
  2126 | D:2      | Reached skill level 1 in Transmutations
  2126 | D:2      | Reached skill level 1 in Fire Magic
  2126 | D:2      | Reached skill level 1 in Ice Magic
  2126 | D:2      | Reached skill level 1 in Air Magic
  2126 | D:2      | Reached skill level 1 in Earth Magic
  2126 | D:2      | Reached skill level 1 in Poison Magic
  2471 | D:3      | Reached XP level 5. HP: 45/47 MP: 6/6
  3023 | D:3      | Reached *** piety under Trog
  3743 | D:4      | Noticed a black bear
  4200 | D:4      | Reached XP level 6. HP: 39/53 MP: 8/8
  4459 | D:4      | Reached skill level 5 in Armour
  4459 | D:4      | Reached skill level 5 in Dodging
  4578 | D:4      | Killed a black bear
  4776 | D:4      | Found a staircase to the Ecumenical Temple.
  4828 | Temple   | Entered the Ecumenical Temple
  5527 | D:5      | Entered Level 5 of the Dungeon
  5541 | D:5      | Noticed a yak
  5543 | D:5      | Noticed a yak
  5543 | D:5      | Noticed a yak
  5568 | D:4      | Reached XP level 7. HP: 46/59 MP: 10/10
  5847 | D:5      | HP: 3/90 [howler monkey (7)]
  6914 | D:5      | Found an ornate altar of the Wu Jian Council.
  7215 | D:5      | Killed a yak
  7216 | D:5      | Reached XP level 8. HP: 67/67 MP: 12/12
  7234 | D:4      | Killed a yak
  7534 | D:5      | Killed a yak
  7793 | D:6      | Found Kuzeklaz's Weapon Shop.
  7814 | D:5      | Slain by an orc warrior

Illustrated notes

Levels and vault maps discovered:
D:1:      minmay_arrival_hallway, layout_loops_corners
D:2:      layout_basic, uniq_robin
D:3:      layout_rooms, minmay_misc_feat_columns, hangedman_decor_push,
          minmay_misc_feat_hallway, dk_noncrumbling_3, minmay_close_crescents
D:4:      layout_rooms, minmay_temple_entry_glassed_door
D:5:      layout_loops_ring, nicolae_wu_jian_wuxing_cycle,
          chequers_serial_rivers_large_b
D:6:      layout_loops_ring, serial_shops, nicolae_stop_n_shop_2,
          gammafunk_ghost_gnarly_gnolls, uniq_menkaure
Temple:   mainiacjoe_temple_trianglar_array

Skill      XL: |  1  2  3  4  5  6  7  8 |
---------------+-------------------------+-----
Invocations    | 1 2 3 |  3.7
Short Blades   | 1 2 3 |  3.3
Long Blades    | 1 2 3 |  3.3
Maces & Flails | 1 2 3 |  3.3
Polearms       | 1 2 3 |  3.3
Staves         | 1 2 3 |  3.3
Slings         | 1 2 3 |  3.3
Bows           | 1 2 3 |  3.3
Crossbows      | 1 2 3 |  3.3
Throwing       | 1 2 3 |  3.3
Stealth        | 1 2 3 |  3.3
Shields        | 1 2 3 |  3.3
Unarmed Combat | 1 2 3 |  3.3
Spellcasting   | 1 2 3 |  3.3
Evocations     | 1 2 3 |  3.3
Conjurations   | 1 2 |  2.7
Hexes          | 1 2 |  2.7
Summonings     | 1 2 |  2.7
Necromancy     | 1 2 |  2.7
Translocations | 1 2 |  2.7
Transmutations | 1 2 |  2.7
Fire Magic     | 1 2 |  2.7
Ice Magic      | 1 2 |  2.7
Air Magic      | 1 2 |  2.7
Earth Magic    | 1 2 |  2.7
Poison Magic   | 1 2 |  2.7
Armour         | 5 |  5.7
Dodging        | 5 |  5.7
Fighting       | 7 |  7.4
Axes           | 7 |  7.4

Action                   |  1- 3 |  4- 6 |  7- 9 || total
-------------------------+-------+-------+-------++-------
Melee: Hand axe          |    84 |   138 |       ||   222
       Bite              |     5 |    26 |    25 ||    56
       Punch             |       |     3 |     3 ||     6
       Dagger            |       |    91 |   132 ||   223
Throw: Throwing net      |       |     1 |       ||     1
       Javelin           |       |       |     1 ||     1
Invok: Berserk           |     2 |     4 |     4 ||    10
  Use: Scroll            |       |     4 |     1 ||     5
 Stab: Sleeping          |     1 |       |       ||     1
Armor: Animal skin       |    29 |    19 |       ||    48
       Scale mail        |       |    71 |    21 ||    92
Dodge: Dodged            |    58 |   137 |    48 ||   243
Block: Buckler           |       |       |    14 ||    14

Table legend: (Time is in decaauts)
 A = Elapsed time spent in this place.
 B = Non-inter-level travel time spent in this place.
 C = Inter-level travel time spent in this place.
 D = Time resting spent in this place.
 E = Time spent auto-exploring this place.
 F = Levels seen in this place.
 G = Mean time per level.
                   A        B        C        D        E       F      G
               +--------+--------+--------+--------+--------+-----+--------+
         Total |   7914 |   7488 |    426 |   2856 |   3228 |   7 | 1130.6 |
       Dungeon |   7413 |   6997 |    416 |   2856 |   2739 |   6 | 1235.5 |
        Temple |    500 |    490 |     10 |      0 |    489 |   1 |  500.0 |
               +--------+--------+--------+--------+--------+-----+--------+

Top non-repeatable levels by time:
     D:5: 1963 daAuts
     D:2: 1560 daAuts
     D:4: 1411 daAuts
     D:3: 1381 daAuts
     D:1: 1079 daAuts
  Temple: 500 daAuts
     D:6: 17 daAuts
